 Dungeon Crawl Stone Soup version 0.30-a0-862-g1aabd4f9c5 (webtiles) character file.

Game seed: 5171886430410812785

3151574 Pimp the Armataur Barricade (level 27, 287/287 HPs)
             Began as an Armataur Fighter on Mar 6, 2023.
             Was the Champion of Okawaru.
             Escaped with the Orb
             ... and 5 runes on Mar 8, 2023!
             The game lasted 05:21:47 (70644 turns).

Pimp the Armataur Barricade (Armataur Fighter)     Turns: 70644, Time: 05:21:48

Health: 287/287    AC: 47    Str: 37    XL:     27
Magic:  23/23      EV: 11    Int:  6    God:    Okawaru [******]
Gold:   4260       SH:  0    Dex: 12    Spells: 26/26 levels left

rFire   + . .      SeeInvis +    g - +4 battleaxe of Vilytoyrgh {holy, rN+ rCorr}
rCold   + + .      Faith    .    (shield currently unavailable)
rNeg    + + .      Spirit   .    U - +7 plate armour of Honesty {rC+ Will- Regen+}
rPois   +          Reflect  .    C - -2 hat of the Alchemist {rElec rPois rF+ rC+ rN+ Will+ rMut rCorr}
rElec   +          Roll     +    Q - scarf {repulsion}
rCorr   +          Rage     50%  t - +2 pair of gloves {infuse}
rMut    +                        h - +6 lightning scales {swift, rElec}
Will    +++++                    i - necklace of Bloodlust {Fury *Rage Will++ Int-3 Slay+6} Stlth
                                 n - ring of Fallacy {AC+4 SInv}
HPRegen 1.47/turn                z - +6 ring of strength
MPRegen 0.18/turn

@: studying 2 skills, repel missiles, quick
A: large, rugged brown scales 3, deformed body, armoured tail, roll, long
tongue, awkward tongue, iridescent scales 1, dopey 1, strong-willed 1, screaming
1
0: Orb of Zot
}: 5/15 runes: barnacled, slimy, silver, abyssal, gossamer
a: Renounce Religion, Heroism, Finesse, Duel


You escaped.
You worshipped Okawaru.
Okawaru was exalted by your worship.
You visited 10 branches of the dungeon, and saw 52 of its levels.
You visited the Abyss 2 times.
You also visited: Ossuary, Bailey, Ice Cave and Wizlab.

You collected 8876 gold pieces.
You spent 4616 gold pieces at shops.

Inventory:

Hand Weapons
 a - a +9 war axe of freezing
 g - the +4 battleaxe of Vilytoyrgh (weapon) {holy, rN+ rCorr}
   (You took it off a draconian knight on level 5 of the Realm of Zot)

   rN:        It protects you from negative energy.
   rCorr:     It protects you from acid and corrosion.
 I - the +4 broad axe of Propriety {drain, Fly rF+ Str+5}
   (Okawaru gifted it to you on level 1 of the Shoals)

   Str:       It affects your strength (+5).
   rF:        It protects you from fire.
   Fly:       It grants you flight.
 N - a +9 executioner's axe of protection
Missiles
 K - 10 silver javelins (quivered)
Armour
 h - the +6 lightning scales (worn) {swift, rElec}
   (You bought it in a shop on level 1 of the Elven Halls)

   Swift:     It allows the wearer to cover ground more swiftly.
   rElec:     It insulates you from electricity.
 l - a +4 kite shield
 s - +0 storm dragon scales
 t - a +2 pair of gloves of infusion (worn)
 w - the +6 plate armour "Noukynut" {Regen+ Slay+3 SInv}
   (You took it off a deep elf high priest on level 5 of the Vaults)

   Slay:      It affects your accuracy & damage with ranged weapons and melee
   (+3).
   SInv:      It lets you see invisible.
   Regen:     It increases your rate of health regeneration.
 B - the +0 pair of gloves of Kindness {Harm +Blink Will+}
   (You found it on level 1 of the Realm of Zot)

   +Blink:    It lets you blink.
   Harm:      It increases damage dealt and taken.
   Will:      It increases your willpower.
 C - the -2 hat of the Alchemist (worn) {rElec rPois rF+ rC+ rN+ Will+ rMut rCorr}
   (You bought it in a shop on level 1 of the Elven Halls)

   rF:        It protects you from fire.
   rC:        It protects you from cold.
   rElec:     It insulates you from electricity.
   rPois:     It protects you from poison.
   rN:        It protects you from negative energy.
   rCorr:     It protects you from acid and corrosion.
   rMut:      It protects you from mutation.
   Will:      It increases your willpower.
 Q - a scarf of repulsion (worn)
 R - the +4 barding of Okawaru's Esteem {Str+2}
   (Okawaru gifted it to you on level 1 of the Elven Halls)

   Str:       It affects your strength (+2).
 U - the +7 plate armour of Honesty (worn) {rC+ Will- Regen+}
   (You found it on level 3 of the Elven Halls)

   rC:        It protects you from cold.
   Regen:     It increases your rate of health regeneration.
   Will:      It decreases your willpower.
Jewellery
 c - the ring of Ciemac {rElec rPois Str+3 Dex+2}
   (You found it on level 5 of the Pits of Slime)

   [ring of poison resistance]

   Str:       It affects your strength (+3).
   Dex:       It affects your dexterity (+2).
   rElec:     It insulates you from electricity.
   rPois:     It protects you from poison.
 i - the necklace of Bloodlust (around neck) {Fury *Rage Will++ Int-3 Slay+6}
   (You found it on level 4 of the Vaults)

   [amulet of nothing]

   Fury:      It extends the wearer's berserk rage when killing foes.
   Int:       It affects your intelligence (-3).
   Slay:      It affects your accuracy & damage with ranged weapons and melee
   (+6).
   *Rage:     It berserks you when you make melee attacks (+50% chance).
   Will:      It greatly increases your willpower.
 m - the ring "Daalloggom" {Fly rElec rC- MP+9 Int+8}
   (You bought it in a shop on level 2 of the Orcish Mines)

   [ring of flight]

   Int:       It affects your intelligence (+8).
   rC:        It makes you vulnerable to cold.
   rElec:     It insulates you from electricity.
   MP:        It affects your magic capacity (+9).
   Fly:       It grants you flight.
 n - the ring of Fallacy (left hand) {AC+4 SInv}
   (You found it on level 7 of the Dungeon)

   [ring of protection]

   AC:        It affects your AC (+4).
   SInv:      It lets you see invisible.
 p - a ring of protection from cold
 r - an amulet of reflection
 v - the amulet "Ocunugew" {RegenMP Harm Dex+3 SInv}
   (You found it on level 5 of the Pits of Slime)

   [amulet of magic regeneration]

   It increases your rate of magic regeneration.
   Dex:       It affects your dexterity (+3).
   SInv:      It lets you see invisible.
   Harm:      It increases damage dealt and taken.
 x - a ring of willpower
 y - a +5 ring of evasion
 z - a +6 ring of strength (right hand)
 S - the ring "Cujoraott" {Ice *Corrode rN++ Will+ Int+3 SInv}
   (You found it in a wizard's laboratory)

   [ring of ice]

   It enhances your ice magic.
   Int:       It affects your intelligence (+3).
   rF:        It makes you vulnerable to fire.
   rC:        It protects you from cold.
   rN:        It greatly protects you from negative energy.
   SInv:      It lets you see invisible.
   *Corrode:  It may corrode you when you take damage.
   Will:      It increases your willpower.
 W - a +6 ring of dexterity
 Y - a +5 ring of evasion
Wands
 q - a wand of paralysis (32)
 u - a wand of flame (8)
 E - a wand of polymorph (45)
 G - a wand of acid (11)
 J - a wand of mindburst (35)
 V - a wand of roots (13)
Scrolls
 f - 12 scrolls of teleportation
 j - 12 scrolls of magic mapping
 k - a scroll of brand weapon
 X - 6 scrolls of poison
 Z - 4 scrolls of fear
Potions
 e - 6 potions of ambrosia
 o - 8 potions of brilliance
 A - 4 potions of resistance
 F - 4 potions of berserk rage
 H - 9 potions of mutation
 M - 4 potions of cancellation
 O - 10 potions of flight
 P - a potion of invisibility


   Skills:
 * Level 26.1 Fighting
 - Level 18.0 Axes
 - Level 23.0 Armour
 + Level 17.2 Dodging
 O Level 27 Shields
 + Level 9.8 Evocations


You had 26 spell levels left.
You didn't know any spells.
Your spell library contained the following spells:

 Spells                   Type           Power      Damage    Failure   Level
 Apportation              Tloc           0%         N/A       80%         1
 Magic Dart               Conj           0%         1d3       80%         1
 Necrotise                Necr           0%         1d4       80%         1
 Shock                    Conj/Air       0%         1d3       80%         1
 Slow                     Hex            0%         N/A       80%         1
 Cigotuvi's Dreadful Rot  Necr/Pois/Air  0%         N/A       91%         2
 Ensorcelled Hibernation  Hex/Ice        0%         N/A       91%         2
 Lesser Beckoning         Tloc           0%         N/A       91%         2
 Poisonous Vapours        Pois/Air       0%         N/A       91%         2
 Searing Ray              Conj           0%         2d4       91%         2
 Static Discharge         Conj/Air       0%         2-2/arc   91%         2
 Confusing Touch          Hex            0%         N/A       99%         3
 Dazzling Flash           Conj/Hex       0%         N/A       99%         3
 Frozen Ramparts          Ice            0%         1d1       99%         3
 Gell's Gravitas          Tloc           0%         N/A       99%         3
 Hailstorm                Conj/Ice       0%         3d3       99%         3
 Mephitic Cloud           Conj/Pois/Air  0%         N/A       99%         3
 Portal Projectile        Hex/Tloc       0%         N/A       99%         3
 Spider Form              Tmut/Pois      0%         N/A       99%         3
 Stone Arrow              Conj/Erth      0%         3d7       99%         3
 Teleport Other           Tloc           0%         N/A       99%         3
 Vampiric Draining        Necr           0%         2d6       99%         3
 Vhi's Electric Charge    Tloc/Air       0%         N/A       99%         3
 Airstrike                Air            0%         2d(0-16)  100%        4
 Anguish                  Hex/Necr       0%         N/A       100%        4
 Fulminant Prism          Conj/Hex       0%         3d5       100%        4
 Ice Form                 Ice/Tmut       0%         N/A       100%        4
 Iskenderun's Mystic Bla  Conj/Tloc      0%         2d3       100%        4
 Leda's Liquefaction      Hex/Erth       0%         N/A       100%        4
 Passage of Golubria      Tloc           0%         N/A       100%        4
 Agony                    Necr           0%         N/A       100%        5
 Alistair's Intoxication  Tmut/Pois      0%         N/A       100%        5
 Arcjolt                  Conj/Air       0%         1d10      100%        5
 Borgnjor's Vile Clutch   Necr/Erth      0%         N/A       100%        5
 Irradiate                Conj/Tmut      0%         3d11      100%        5
 Iskenderun's Battlesphe  Conj           0%         2d6       100%        5
 Lightning Bolt           Conj/Air       0%         1d11      100%        5
 Metabolic Englaciation   Hex/Ice        0%         N/A       100%        5
 Silence                  Hex/Air        0%         N/A       100%        5
 Conjure Ball Lightning   Conj/Air       0%         3x3d6     100%        6
 Eringya's Noxious Bog    Tmut/Pois      0%         N/A       100%        6
 Iron Shot                Conj/Erth      0%         9d1       100%        6
 Starburst                Conj/Fire      0%         6d3       100%        6
 Dragon Form              Tmut           0%         N/A       100%        7
 Orb of Destruction       Conj           0%         9d5       100%        7
 Storm Form               Tmut/Air       0%         N/A       100%        7
 Discord                  Hex            0%         N/A       100%        8
 Disjunction              Tloc           0%         N/A       100%        8
 Lehudib's Crystal Spear  Conj/Erth      0%         10d2      100%        8
 Maxwell's Capacitive Co  Air            0%         ∞         100%        8
 Polar Vortex             Ice            0%         N/A       100%        9
 Summon Small Mammal      Summ           Unusable   N/A       N/A         1
 Call Canine Familiar     Summ           Unusable   N/A       N/A         3
 Summon Guardian Golem    Hex/Summ       Unusable   N/A       N/A         3
 Animate Armour           Summ/Erth      Unusable   N/A       N/A         4
 Animate Dead             Necr           Unusable   N/A       N/A         4
 Summon Ice Beast         Ice/Summ       Unusable   N/A       N/A         4
 Summon Lightning Spire   Summ/Air       Unusable   N/A       N/A         4
 Death Channel            Necr           Unusable   N/A       N/A         6
 Simulacrum               Ice/Necr       Unusable   N/A       N/A         6
 Spellforged Servitor     Conj/Summ      Unusable   N/A       N/A         7

Dungeon Overview and Level Annotations

Branches:
Dungeon (15/15)            Temple (0/1) D:7            Lair (5/5) D:10
 Shoals (4/4) Lair:2       Spider (4/4) Lair:3        Slime (5/5) Lair:4
    Orc (2/2) D:9             Elf (3/3) Orc:2        Vaults (5/5) D:14
  Crypt (0/3) Vaults:3     Depths (4/4) D:15            Zot (5/5) Depths:4
Ossuary (visited)          Bailey (visited)           IceCv (visited)
 WizLab (visited)

Altars:
Elyvilon
Kikubaaqudgha
Nemelex Xobeh
Okawaru
Sif Muna
Trog
Vehumet
Wu Jian
Yredelemnul
Zin
Jiyva

Shops:
D:13 [   Orc:1 *   Orc:2 (?*=(   Elf:1 [[((   Shoals:3 ?   Vaults:5 [
Depths:1 *   Depths:3 (

Portals:
Hell: Depths:1 Depths:2 Depths:3 Depths:4
Abyss: Depths:3 Depths:4
Pandemonium: Depths:2 Depths:3
Ziggurat: Depths:3
Trove: D:14 (give +3 storm dragon scales)

Annotations:
D:3 2 transporters, AAltmann's ghost, amateur HOFi
Shoals:2 2 runed translucent doors, Zvl3's ghost, adept KoHu
Vaults:2 3 runed translucent doors, Yhaurph's ghost, adept MiFi
Zot:3 1 transporter


Innate Abilities, Weirdness & Mutations

You are completely covered in rugged brown scales. (AC +3, +7% HP)
Armour fits poorly on your strangely shaped body.
You have a long armoured tail.
You roll when moving toward enemies. (Rampage)
Your long tongue fully drains potion bottles. (2x potion effects)
Your tongue gives you trouble enunciating. (1.5x scroll delay)
You are partially covered in iridescent scales. (AC +2)
You are dopey. (Int -2)
You are strong-willed. (Will+)
You occasionally shout uncontrollably at your foes.


Message History

You continue taking off your +4 kite shield. x4
You finish taking off your +4 kite shield.
You float gracefully downwards.
The +4 battleaxe of Vilytoyrgh {holy, rN+ rCorr} softly glows with a divine radiance!
g - the +4 battleaxe of Vilytoyrgh (weapon)
{holy, rN+ rCorr}
There is an escape hatch in the ceiling here.
A mysterious force pulls you upwards. The hatch slams shut behind you.
An Orb Guardian comes into view.
There is a stone staircase leading up here.
You climb upwards.
Level annotation: 2 transporters, AAltmann's ghost, amateur HOFi
There is a stone staircase leading down here.
As you slowly read the scroll of magic mapping, it crumbles to dust.
You feel momentarily disoriented.
As you slowly read the scroll of teleportation, it crumbles to dust.
You feel strangely unstable.
You feel the Orb delaying your translocation!
Your surroundings suddenly seem different.
You see here a +0 trident.
There is a stone staircase leading down here.
There is a stone staircase leading up here.
You climb upwards.
There is a stone staircase leading down here.
(D) Dungeon (T) Temple (L) Lair (A) Shoals (N) Spider Nest (M) Slime Pits (O) Orcish Mines (E) Elven Halls (V) Vaults (C) Crypt (U) Depths (H) Hell (Z) Zot
Where to? (Enter - D:3 @ (x,y), ? - help)
What level of the Dungeon? (default 1, ? - help)
An Orb Guardian comes into view.
A shadow demon comes into view.
The shadow demon moves out of view.
There is a stone staircase leading up here.
You climb upwards.
There is a stone staircase leading down here.
There are no items here.
There are no items here.
(D) Dungeon (T) Temple (L) Lair (A) Shoals (N) Spider Nest (M) Slime Pits (O) Orcish Mines (E) Elven Halls (V) Vaults (C) Crypt (U) Depths (H) Hell (Z) Zot
Where to? (Enter - D:1, ? - help)
What level of the Dungeon? (default 1, ? - help) You're already here!
There is a staircase leading out of the dungeon here.
You have escaped!

...#########...........#
...##[.................#
...##.#####...#####....#
......# ##.##.###.#.###
....###
#..###.#.###..####### ...##
#.## ##.## ##.#...†.# .).#
##.###.#.###.##.###.# ...#
##.#.#.#.#.###.# #.# ...#
##.#.@^#.###..###.# ####
####.#.#.#.#.##.#.##.# #
###.#.###.#.###.#.#....#
#######....## ##.##
##..#..### .#.........#
##.#.####.##.##
...........###.###.##..#..#
>..........#..#####.......#
....#####..#.####.#...##..#
....#$[?#............###..#


There were no monsters in sight!

Vanquished Creatures
  the Royal Jelly (Slime:5)
  A pandemonium lord (Zot:1)
  3 dread liches
  5 ancient liches
  2 orbs of fire (Zot:5)
  The ghost of Xapeig the Slayer, a legendary GrAr of Okawaru (Zot:1)
  Margery (Vaults:3)
  Frederick (Vaults:5)
  2 Killer Klowns (Zot:5)
  A curse toe (Zot:2)
  8 golden dragons
  2 bone dragons (Zot:4)
  3 doom hounds
  A Tzitzimitl (Zot:4)
  An Ice Fiend (Zot:1)
  4 electric golems
  Jorgrun (D:13)
  17 tentacled monstrosities
  Grunn (Zot:4)
  A Hell Sentinel (Zot:1)
  24 Orb Guardians
  3 liches
  8 quicksilver dragons
  27 acid blobs
  2 deep elf blademasters (Elf:2)
  6 death cobs
  2 deep elf master archers (Elf:3)
  6 titans
  A kraken (Shoals:2)
  4 ancient champions
  Agnes (Elf:1)
  4 sphinxes
  Kirke (Shoals:4)
  2 tentacled starspawn
  Donald (Vaults:3)
  6 draconian monks
  8 shadow dragons
  11 tengu reavers
  8 storm dragons
  14 rockslimes
  18 azure jellies
  5 fire giants
  2 emperor scorpions (Spider:4)
  12 deep elf sorcerers
  An iron dragon (Depths:4)
  2 nagarajas (Depths:2)
  17 vault wardens
  5 draconian knights
  5 draconian scorchers
  7 ghost moths
  10 frost giants
  Louise (Elf:2)
  5 deep elf elementalists
  18 ironbound preservers
  8 draconian shifters
  A draconian stormcaller (Zot:1)
  3 reapers
  5 war gargoyles
  2 angels (WizLab)
  A caustic shrike skeleton (Depths:2)
  9 draconian annihilators
  A juggernaut skeleton (Depths:2)
  12 quicksilver oozes
  41 very ugly things
  9 broodmothers
  2 vampire knights
  9 ironbound thunderhulks
  24 stone giants
  7 deep elf demonologists
  6 green draconians
  14 black draconians
  9 yellow draconians
  7 deep elf annihilators
  A putrid mouth (Zot:3)
  Azrael (D:13)
  14 white draconians
  A lorocyproca (Depths:3)
  8 purple draconians
  8 deep elf death magi
  10 red draconians
  3 dire elephants (Vaults:4)
  Snorg (Lair:5)
  13 spark wasps
  14 ettins
  A blizzard demon (Zot:3)
  2 crystal guardians
  8 merfolk javelineers
  9 entropy weavers
  10 fire dragons
  2 jiangshi (Depths:4)
  21 yaktaur captains
  9 deep elf high priests
  10 merfolk impalers
  Josephine (D:11)
  14 great orbs of eyes
  Fannar (D:10)
  5 ice dragons
  3 hell beasts
  A quicksilver dragon skeleton (Depths:2)
  33 vault guards
  Erolcha (D:11)
  4 merfolk avatars
  15 peacekeepers
  2 hydras (Lair:5)
  A spriggan air mage (Depths:2)
  Erica (D:11)
  6 rakshasas
  3 death knights
  A salamander tyrant (WizLab)
  14 centaur warriors
  9 ironbound frosthearts
  2 anacondas
  3 ogre magi
  11 two-headed ogres
  27 dancing weapons
  5 naga warriors (Depths:2)
  4 merfolk aquamancers
  3 boulder beetles
  4 tengu warriors
  5 death yaks (Lair:3)
  2 satyrs
  A death scarab (Spider:2)
  3 orc high priests
  2 thrashing horrors (Abyss:4)
  5 deep troll earth magi
  7 deep troll shamans
  Sonja (D:13)
  3 spriggan berserkers (Depths:4)
  5 vampire magi
  2 soul eaters (Zot:3)
  9 hell knights
  7 skysharks
  22 deep elf knights
  A skyshark (shapeshifter) (Elf:2)
  2 wretched stars (Abyss:4)
  A fire crab (shapeshifter) (Vaults:5)
  3 sun demons
  3 iron trolls
  Lodul (D:13)
  3 sun moths
  7 pharaoh ants
  3 glowing orange brains
  51 deep trolls
  A skeletal warrior (D:15)
  A storm dragon skeleton (Depths:2)
  10 sea snakes
  15 orb spiders
  A kraken simulacrum (Shoals:4)
  A flayed ghost (Vaults:2)
  5 bog bodies (Shoals:2)
  A glowing orange brain (shapeshifter) (D:15)
  A swamp dragon (Abyss:4)
  18 ironbound convokers
  10 wizards
  18 deep elf archers
  A naga ritualist (Depths:1)
  7 steelbarb worms
  29 deep elf pyromancers
  28 deep elf zephyrmancers
  6 orc knights
  5 necromancers (Depths:1)
  12 lindwurms
  17 harpies
  2 phantasmal warriors
  7 cyclopes
  5 fauns
  A mana viper (shapeshifter) (Elf:3)
  36 ugly things
  16 wolf spiders
  A shadow dragon skeleton (Depths:2)
  6 orc sorcerers
  4 shining eyes
  2 salamanders (WizLab)
  A worldbinder (Abyss:4)
  A fire giant zombie (Depths:1)
  25 moths of wrath
  A will-o-the-wisp (Abyss:3)
  13 manticores
  A faun (shapeshifter) (Elf:3)
  7 guardian serpents
  An ice statue (IceCv)
  2 iron dragon skeletons (Depths:2)
  29 elephants
  9 merfolk sirens
  5 water nymphs
  4 rust devils (Depths:3)
  2 smoke demons
  9 gargoyles
  5 eyes of devastation
  A black mamba (shapeshifter) (D:15)
  19 vault sentinels
  8 demonic crawlers
  2 apocalypse crabs (Abyss:4)
  2 molten gargoyles (WizLab)
  6 torpor snails
  6 black mambas
  Joseph (D:9)
  5 naga magi (Depths:2)
  19 cane toads
  4 unseen horrors
  A kobold demonologist (D:13)
  35 yaktaurs
  2 spriggan zombies
  8 freezing wraiths
  3 rime drakes
  A komodo dragon (shapeshifter) (Vaults:5)
  3 efreet
  3 anaconda simulacra (IceCv)
  3 ancient zymes
  8 komodo dragons
  4 tormentors
  5 tengu conjurers
  A silent spectre (Vaults:4)
  2 hellwings (Depths:3)
  3 meliai
  3 wind drakes
  6 polar bears
  27 merfolk
  6 trolls
  2 red devils (Depths:3)
  A troll (shapeshifter) (Abyss:3)
  4 hornets
  3 tyrant leeches (Lair:5)
  Grinder (D:5)
  A raiju (Abyss:3)
  7 dream sheep (Lair:5)
  28 tarantellas
  50 blink frogs
  23 jumping spiders
  10 snapping turtles
  122 slime creatures
  2 air elementals
  Sigmund (D:6)
  31 culicivoras
  A shadow (D:9)
  A spriggan skeleton (Depths:1)
  A centaur simulacrum (D:10)
  57 yaks
  16 water elementals
  8 large abominations
  A hog (shapeshifter) (Vaults:5)
  18 golden eyes
  3 humans (Shoals:4)
  4 fire bats (D:12)
  15 wraiths
  A hog (Shoals:4)
  33 starcursed masses
  A wyvern (Lair:1)
  7 fire elementals
  4 basilisks
  65 redbacks
  Menkaure (D:7)
  2 neqoxecs (Abyss:3)
  5 death yak simulacra
  3 sea snake simulacra (Shoals:4)
  11 vampire mosquitoes
  Edmund (D:6)
  3 chaos spawn
  5 wargs
  3 harpy simulacra (Shoals:4)
  2 acid dragons
  15 water moccasins
  2 nagas
  2 floating eyes
  6 hell hounds
  A glowing shapeshifter skeleton (Depths:2)
  A floating eye (shapeshifter) (D:13)
  36 orc warriors
  An ice beast (D:8)
  2 satyr simulacra (Shoals:4)
  2 black bears
  10 small abominations
  5 boggarts
  2 sky beasts
  11 wolves
  9 centaurs
  22 ogres
  A tengu (shapeshifter) (Vaults:2)
  5 kobold brigands
  2 elf zombies (Ossuary)
  4 gnoll sergeants
  24 bullfrogs
  A faun simulacrum (Shoals:4)
  9 earth elementals
  5 scorpions
  3 merfolk simulacra (Shoals:4)
  2 cane toad simulacra (IceCv)
  12 wights
  4 manticore simulacra (Shoals:4)
  2 snapping turtle simulacra (Shoals:4)
  29 killer bees
  An elephant simulacrum (IceCv)
  10 howler monkeys
  2 electric eels (Spider:1)
  2 lava snakes (D:12)
  A centaur zombie (Ossuary)
  A quasit (Abyss:3)
  3 hounds
  A jelly (D:6)
  2 gnoll boudas
  17 orc priests
  An iguana (D:6)
  2 cyclops simulacra (Shoals:4)
  3 sleepcaps
  44 orc wizards
  2 lightning spires (WizLab)
  2 wolf simulacra (IceCv)
  2 hound zombies (Ossuary)
  3 mummies (Ossuary)
  13 gnolls
  11 adders
  A shadow imp (D:6)
  13 white imps
  2 ufetubi
  6 adder zombies (Ossuary)
  2 worms (D:3)
  A dart slug (D:3)
  92 orcs
  10 ball pythons
  2 bats
  6 endoplasms
  3 giant cockroaches
  13 goblins
  6 hobgoblins
  10 jackals
  5 quokkas
  6 frilled lizards
  3 gnoll zombies (Ossuary)
  3 goblin zombies (Ossuary)
  5 hobgoblin zombies (Ossuary)
  4 jackal zombies (Ossuary)
  12 kobolds
  3 kobold zombies (Ossuary)
  An orc zombie (Ossuary)
  3 quokka zombies (Ossuary)
  9 rats
  2 rat zombies (Ossuary)
  3 fire vortices (D:12)
  A lurking horror (Abyss:4)
  2 starspawn tentacles (Abyss:3)
  2 tentacles
2664 creatures vanquished.

Vanquished Creatures (others)
  A golden dragon (Zot:5)
  2 demonspawn blood saints (Zot:3)
  A stone giant (Vaults:4)
  2 deep elf annihilators (Vaults:4)
  An alligator snapping turtle (Shoals:4)
  A two-headed ogre (Vaults:4)
  2 deep troll earth magi (Vaults:4)
  An orc high priest (Elf:1)
  A wizard (Vaults:4)
  A deep elf pyromancer (Elf:3)
  A deep elf zephyrmancer (Elf:3)
  4 moths of wrath (Vaults:4)
  A guardian serpent (Depths:2)
  A naga mage (Depths:2)
  A tarantella (Spider:4)
  A jumping spider (Spider:1)
  A small abomination (Abyss:3)
  3 orc wizards
  An adder (Depths:2)
  An orc (Elf:1)
  48 fungi
  132 plants
  4 starspawn tentacles (Abyss:3)
  9 tentacles
221 creatures vanquished.

Grand Total: 2885 creatures vanquished

Notes
Turn   | Place    | Note
-------+----------+-------------------------------------------
     0 | D:1      | Pimp the Armataur Fighter began the quest for the Orb.
     0 | D:1      | Reached XP level 1. HP: 19/19 MP: 1/1
    51 | D:1      | Reached XP level 2. HP: 26/26 MP: 2/2
   234 | D:1      | Reached XP level 3. HP: 29/33 MP: 3/3
   598 | D:2      | Reached XP level 4. HP: 20/40 MP: 4/4
   686 | D:2      | Reached skill level 4 in Shields
  1049 | D:2      | Found a faded altar of an unknown god.
  1192 | D:3      | Found an iron altar of Okawaru.
  1204 | D:3      | Found a transporter.
  1204 | D:3      | Noticed AAltmann's ghost (amateur HOFi)
  1256 | D:3      | Became a worshipper of Warmaster Okawaru
  1326 | D:3      | Found a transporter.
  1607 | D:3      | Reached XP level 5. HP: 42/48 MP: 5/5
  2111 | D:4      | Noticed an ogre
  2119 | D:4      | Killed an ogre
  2119 | D:4      | Reached * piety under Okawaru
  2120 | D:4      | Reached skill level 5 in Armour
  2120 | D:4      | Reached XP level 6. HP: 54/55 MP: 6/6
  2562 | D:4      | Identified a scroll of acquirement
  2562 | D:4      | Acquired the +1 barding "Woops" {rElec Str+3}
  2570 | D:5      | Entered Level 5 of the Dungeon
  2833 | D:5      | Reached skill level 5 in Shields
  2874 | D:5      | Reached XP level 7. HP: 51/63 MP: 7/7
  2924 | D:5      | Noticed Grinder
  2940 | D:5      | Paralysed by Grinder for 4 turns
  2952 | D:5      | Killed Grinder
  3216 | D:5      | Reached ** piety under Okawaru
  3307 | D:5      | Found a glowing silver altar of Zin.
  3876 | D:6      | Reached skill level 5 in Fighting
  3876 | D:6      | Reached skill level 6 in Shields
  3876 | D:6      | Reached XP level 8. HP: 72/72 MP: 8/8
  4537 | D:6      | Reached *** piety under Okawaru
  4568 | D:6      | Noticed Sigmund
  4577 | D:6      | Killed Sigmund
  4578 | D:6      | Reached skill level 7 in Shields
  4596 | D:6      | Noticed Edmund
  4601 | D:6      | Killed Edmund
  4714 | D:7      | Reached skill level 5 in Axes
  4754 | D:7      | Reached XP level 9. HP: 80/80 MP: 9/9
  4982 | D:7      | Reached **** piety under Okawaru
  4999 | D:7      | Found a transporter.
  5004 | D:7      | Found an ancient bone altar of Kikubaaqudgha.
  5106 | D:7      | Found a staircase to the Ecumenical Temple.
  5266 | D:7      | Reached skill level 8 in Shields
  5351 | D:7      | Noticed Menkaure
  5353 | D:7      | Found a basalt altar of Yredelemnul.
  5372 | D:7      | Found a transporter.
  5744 | D:8      | Noticed a two-headed ogre
  5758 | D:8      | Killed a two-headed ogre
  5758 | D:8      | Reached ***** piety under Okawaru
  5764 | D:8      | Identified the -2 barding of the Dwarven Hall {rPois rC+
                  | Dex-4} (Okawaru gifted it to you on level 8 of the Dungeon)
  5764 | D:8      | Received a gift from Okawaru
  5934 | D:8      | Reached XP level 10. HP: 92/92 MP: 10/10
  5950 | D:8      | Found a sand-covered staircase.
  5955 | Ossuary  | Entered an ossuary
  6825 | D:8      | Reached skill level 9 in Shields
  6877 | D:8      | Found a sparkling altar of Nemelex Xobeh.
  6949 | D:8      | Found a white marble altar of Elyvilon.
  6957 | D:8      | Found an ornate altar of the Wu Jian Council.
  7014 | D:8      | Reached skill level 11 in Shields
  7014 | D:8      | Reached XP level 11. HP: 103/103 MP: 11/11
  7014 | D:8      | Reached XP level 12. HP: 112/112 MP: 12/12
  7047 | D:8      | Gained mutation: You are clumsy. (Dex -2) [potion of
                  | mutation]
  7047 | D:8      | Gained mutation: You occasionally lose the ability to drink
                  | potions when taking damage. [potion of mutation]
  7047 | D:8      | Lost mutation: You are clumsy. (Dex -2) [potion of
                  | mutation]
  7102 | D:7      | Identified the ring of Fallacy {AC+4 SInv}
  7105 | D:7      | Killed Menkaure
  7466 | D:9      | Noticed Joseph
  7469 | D:9      | Paralysed by Joseph for 3 turns
  7491 | D:9      | Killed Joseph
  7633 | D:9      | Found a flagged portal.
  7645 | Bailey   | Entered a bailey
  8105 | Bailey   | Reached skill level 10 in Fighting
  8442 | D:9      | Found a staircase to the Orcish Mines.
  8451 | D:9      | Reached skill level 10 in Axes
  8451 | D:9      | Reached skill level 13 in Shields
  8451 | D:9      | Reached XP level 13. HP: 80/124 MP: 13/13
  8451 | D:9      | Reached XP level 14. HP: 85/132 MP: 14/14
  8973 | D:10     | Entered Level 10 of the Dungeon
  9055 | D:10     | Lost mutation: You occasionally lose the ability to drink
                  | potions when taking damage. [potion of mutation]
  9055 | D:10     | Gained mutation: Your natural rate of healing is unusually
                  | fast. [potion of mutation]
  9055 | D:10     | Gained mutation: Your flesh is heat resistant. (rF+)
                  | [potion of mutation]
  9055 | D:10     | Gained mutation: You are partially covered in large bone
                  | plates. (SH +4) [potion of mutation]
  9170 | Orc:1    | Entered Level 1 of the Orcish Mines
  9306 | Orc:2    | Entered Level 2 of the Orcish Mines
  9474 | Orc:2    | Found Zogiarev's Magic Scroll Boutique.
  9474 | Orc:2    | Found Saexkeino's Assorted Antiques.
  9475 | Orc:2    | Found Fobadehe's Antique Weapon Shop.
  9478 | Orc:2    | Found Nopreim's Jewellery Shop.
  9494 | Orc:2    | Bought a scroll of brand weapon for 142 gold pieces
  9495 | Orc:2    | Bought a scroll of enchant armour for 217 gold pieces
  9495 | Orc:2    | Bought a transparent brass ring for 145 gold pieces
  9495 | Orc:2    | Identified the ring "Daalloggom" {Fly rElec rC- MP+9 Int+8}
                  | (You bought it in a shop on level 2 of the Orcish Mines)
  9579 | Orc:2    | Identified the +1 barding "Ganeilem" {rPois rN+} (Okawaru
                  | gifted it to you on level 2 of the Orcish Mines)
  9579 | Orc:2    | Received a gift from Okawaru
  9862 | Orc:2    | Found a staircase to the Elven Halls.
  9918 | Orc:2    | Reached XP level 15. HP: 131/141 MP: 15/15
  9942 | Orc:2    | Found Nicoigusei's Weapon Boutique.
 10288 | Orc:1    | Found Isusmikh's Gadget Gallery.
 10566 | D:10     | Reached skill level 15 in Armour
 10580 | D:10     | Noticed Fannar
 10605 | D:10     | Killed Fannar
 10678 | D:10     | Reached skill level 1 in Dodging
 10762 | D:10     | Reached skill level 14 in Shields
 10771 | D:10     | Identified the +5 scimitar of Voaxoo {freeze, Str+3 Dex+3}
 11057 | D:10     | Found a bloodstained altar of Trog.
 11366 | D:10     | Found a staircase to the Lair.
 11441 | D:11     | Noticed Josephine
 11451 | D:11     | Killed Josephine
 11510 | D:11     | Noticed Erica
 11513 | D:11     | Killed Erica
 11635 | D:11     | Found a frozen archway.
 11661 | IceCv    | Entered an ice cave
 11807 | IceCv    | Acquired the +0 cloak "Xuthoifa" {rPois Will+}
 11847 | IceCv    | Got the Handbook of Refrigeration
 11930 | D:11     | You fall into a shaft and drop 3 floors!
 11945 | D:14     | Found a portal to a secret trove of treasure.
 11970 | D:13     | Found Moqosm's Antique Armour Shop.
 11971 | D:13     | Received a gift from Okawaru
 11982 | D:13     | Bought a runed helmet for 180 gold pieces
 12125 | D:13     | Noticed Lodul
 12132 | D:13     | Killed Lodul
 12197 | D:13     | Noticed Azrael
 12207 | D:13     | Killed Azrael
 12359 | D:13     | Noticed Jorgrun
 12450 | D:13     | Killed Jorgrun
 12977 | D:12     | Reached ****** piety under Okawaru
 13080 | D:12     | Got the Omnibus of Frigid Modification
 13609 | D:13     | Noticed Sonja
 13611 | D:13     | Acquired a manual of Axes
 13652 | D:13     | Killed Sonja
 13811 | D:13     | Identified the -2 barding of Crawling {rCorr Str+4 Dex+4}
                  | (Okawaru gifted it to you on level 13 of the Dungeon)
 13811 | D:13     | Received a gift from Okawaru
 14451 | D:14     | Found a gate to the Vaults.
 14627 | D:14     | Reached skill level 15 in Shields
 14701 | D:14     | Reached XP level 16. HP: 150/150 MP: 16/16
 15007 | Lair:1   | Entered Level 1 of the Lair of Beasts
 15863 | Lair:2   | Found a staircase to the Shoals.
 16617 | Lair:3   | Reached skill level 5 in Dodging
 16725 | Lair:3   | Found a hole to the Spider Nest.
 16789 | Lair:3   | Received a gift from Okawaru
 17575 | Lair:4   | You fall into a shaft and drop 1 floor!
 17575 | Lair:5   | Entered Level 5 of the Lair of Beasts
 17581 | Lair:5   | Noticed Snorg
 17972 | Lair:4   | Found a staircase to the Slime Pits.
 18629 | Lair:5   | Killed Snorg
 18674 | Lair:5   | Identified the +3 rapier of Skirmishing {heavy, Str+2}
 18721 | Lair:5   | Reached skill level 16 in Shields
 18884 | Lair:5   | Identified the +4 spear "Wosulof" {heavy, rC+ Str+3 Dex-4}
                  | (Okawaru gifted it to you on level 5 of the Lair of Beasts)
 18884 | Lair:5   | Received a gift from Okawaru
 18913 | Lair:5   | Reached XP level 17. HP: 131/161 MP: 17/17
 19795 | Elf:1    | Entered Level 1 of the Elven Halls
 19829 | Elf:1    | Found a radiant altar of Vehumet.
 19829 | Elf:1    | Noticed Agnes
 19851 | Elf:1    | Killed Agnes
 19954 | Elf:1    | Paralysed by an air elemental for 1 turns
 19958 | Elf:1    | Identified the +4 barding of Okawaru's Esteem {Str+2}
                  | (Okawaru gifted it to you on level 1 of the Elven Halls)
 19958 | Elf:1    | Received a gift from Okawaru
 20051 | Elf:1    | Found Gatok's Antique Weapon Shoppe.
 20051 | Elf:1    | Found Situi's Armour Emporium.
 20052 | Elf:1    | Found Hiovas's Weapon Shoppe.
 20056 | Elf:1    | Found Liukluoh's Antique Armour Emporium.
 20107 | Elf:1    | Bought the +4 chain mail of Melancholy {rF+++ rC- rN+
                  | Int-2} for 773 gold pieces
 20107 | Elf:1    | Bought the -2 hat of the Alchemist {rElec rPois rF+ rC+ rN+
                  | Will+ rMut rCorr} for 613 gold pieces
 20107 | Elf:1    | Found the -2 hat of the Alchemist {rElec rPois rF+ rC+ rN+
                  | Will+ rMut rCorr}
 21209 | Elf:2    | Paralysed by an air elemental for 1 turns
 21430 | Elf:2    | Received a gift from Okawaru
 21566 | Elf:2    | Reached skill level 17 in Shields
 21604 | Elf:2    | Found a runed translucent gate.
 21605 | Elf:2    | Found a runed translucent gate.
 21605 | Elf:2    | Found a runed translucent gate.
 21696 | Elf:2    | Noticed Louise
 21721 | Elf:2    | Killed Louise
 21774 | Elf:2    | Received a gift from Okawaru
 21788 | Elf:2    | Reached skill level 15 in Axes
 21802 | Elf:2    | Reached XP level 18. HP: 74/172 MP: 18/18
 22248 | Elf:3    | Entered Level 3 of the Elven Halls
 22392 | Elf:3    | Received a gift from Okawaru
 22578 | Elf:3    | Noticed a Hell Sentinel
 22578 | Elf:3    | Noticed a Hell Sentinel
 22588 | Elf:3    | Identified the +5 ring mail "Rucuaga" {rPois rF+ Will+++
                  | Dex-5}
 22603 | Elf:3    | Identified the +3 shortbow "Besag" {heavy, *Corrode rN+
                  | Stlth+}
 22605 | Elf:3    | Noticed a Tzitzimitl
 22606 | Elf:3    | Reached skill level 15 in Fighting
 22823 | Elf:3    | Received a gift from Okawaru
 22824 | Elf:3    | Noticed a Hell Sentinel
 23125 | Elf:3    | Noticed a Tzitzimitl
 23371 | Elf:3    | Identified the +2 mace "Earthworm" {heavy, rPois Str+4
                  | Stlth-}
 23372 | Elf:3    | Identified the +5 hand axe of Vuteesuh {freeze, *Noise
                  | rPois rN+ Stlth+}
 23387 | Abyss:2  | Cast into level 2 of the Abyss (a deep elf sorcerer)
 23390 | Abyss:2  | Found a corrupted altar of Lugonu.
 23412 | Elf:3    | Escaped the Abyss
 23543 | Elf:3    | Identified the +7 plate armour of Honesty {rC+ Will-
                  | Regen+}
 23546 | Elf:3    | Identified the +6 plate armour "Befeg" {+Inv}
 23611 | Elf:3    | Identified the +9 arbalest "Lamimn" {drain, *Slow rPois
                  | Will- Str+9}
 23636 | Elf:3    | Found the +3 crown of Dyrovepreva {rElec Int+2 SInv}
 23883 | Elf:3    | Identified the +7 sling "Goblin's Regret" {flame, rElec
                  | Will- Dex+4}
 24404 | Shoals:1 | Entered Level 1 of the Shoals
 24416 | Shoals:1 | Identified the +4 broad axe of Propriety {drain, Fly rF+
                  | Str+5} (Okawaru gifted it to you on level 1 of the Shoals)
 24416 | Shoals:1 | Received a gift from Okawaru
 24541 | Shoals:1 | Reached skill level 18 in Shields
 25262 | Shoals:2 | Reached XP level 19. HP: 118/181 MP: 19/19
 25306 | Shoals:2 | Received a gift from Okawaru
 25728 | Shoals:2 | Found a large runed translucent door.
 25728 | Shoals:2 | Found a large runed translucent door.
 25729 | Shoals:2 | Noticed Zvl3's ghost (adept KoHu)
 25973 | Shoals:3 | Found Jevecw's Magic Scroll Boutique.
 26393 | Shoals:4 | Entered Level 4 of the Shoals
 26394 | Shoals:4 | Noticed Kirke
 26406 | Shoals:4 | Killed Kirke
 26700 | Shoals:4 | Found a runed translucent gate.
 26700 | Shoals:4 | Found a runed translucent gate.
 26700 | Shoals:4 | Found a runed translucent gate.
 26761 | Shoals:4 | Identified the amulet of Besixt {Spirit rF+ Dex-5 Slay+2}
 26856 | Shoals:4 | Got a barnacled rune of Zot
 27051 | Shoals:4 | Identified the +4 chain mail of Sloth {rC+ Dex-5 SInv}
                  | (Okawaru gifted it to you on level 4 of the Shoals)
 27051 | Shoals:4 | Received a gift from Okawaru
 27568 | Shoals:4 | Identified the +10 sling of the Living Dead {flame, *Slow
                  | rElec Int+2}
 27752 | Spider:1 | Entered Level 1 of the Spider Nest
 29067 | Spider:2 | Reached skill level 19 in Shields
 29539 | Spider:2 | Reached skill level 10 in Dodging
 29778 | Spider:2 | Reached XP level 20. HP: 193/193 MP: 20/20
 29901 | Spider:3 | Received a gift from Okawaru
 30440 | Spider:4 | Entered Level 4 of the Spider Nest
 30863 | Spider:4 | Received a gift from Okawaru
 31461 | Spider:4 | Received a gift from Okawaru
 31470 | Spider:4 | Got a gossamer rune of Zot
 31479 | Spider:4 | Identified the +1 pair of gloves "Numyeshra" {-Tele rPois
                  | Int+2}
 31981 | Slime:1  | Entered Level 1 of the Pits of Slime
 31981 | Slime:1  | Found a viscous altar of Jiyva.
 32176 | D:11     | Noticed Erolcha
 32183 | D:11     | Killed Erolcha
 32666 | D:15     | Entered Level 15 of the Dungeon
 33393 | D:15     | Found a staircase to the Depths.
 33663 | Depths:1 | Entered Level 1 of the Depths
 34576 | Depths:1 | Found Lublucul's Serpentskin Sales.
 34647 | Depths:1 | Noticed an ancient lich
 34778 | Depths:1 | Found a shimmering blue altar of Sif Muna.
 34782 | Depths:1 | Found a transporter.
 34952 | Depths:1 | Received a gift from Okawaru
 34968 | Depths:1 | Reached XP level 21. HP: 191/203 MP: 0/21
 35112 | Depths:1 | Reached skill level 20 in Shields
 35340 | Depths:1 | Found a gateway to Hell.
 35496 | Depths:2 | Found a one-way gate leading to the halls of Pandemonium.
 37055 | Depths:3 | Paralysed by a vampire knight for 2 turns
 37245 | Depths:3 | Found Joitilex's Antique Weapon Shop.
 37417 | Depths:3 | Found a one-way gateway to a ziggurat.
 37838 | Depths:3 | Received a gift from Okawaru
 38231 | Depths:3 | Found a one-way gate to the infinite horrors of the Abyss.
 38416 | Depths:4 | Entered Level 4 of the Depths
 39191 | Depths:4 | Paralysed by a floating eye for 2 turns
 39525 | Depths:4 | Received a gift from Okawaru
 40061 | Depths:4 | Received a gift from Okawaru
 40086 | Depths:4 | Found a gate to the Realm of Zot.
 40454 | Depths:4 | Reached XP level 22. HP: 156/215 MP: 0/22
 40829 | Vaults:1 | Entered Level 1 of the Vaults
 41058 | Vaults:1 | Received a gift from Okawaru
 41200 | Vaults:1 | Reached skill level 21 in Shields
 43265 | Vaults:2 | Found a huge runed gate.
 43265 | Vaults:2 | Found a huge runed gate.
 43265 | Vaults:2 | Found a huge runed gate.
 43265 | Vaults:2 | Found a huge runed gate.
 43265 | Vaults:2 | Found a huge runed gate.
 43265 | Vaults:2 | Found a huge runed gate.
 43265 | Vaults:2 | Found a huge runed gate.
 43267 | Vaults:2 | Found a huge runed gate.
 43267 | Vaults:2 | Found a huge runed gate.
 43267 | Vaults:2 | Found a huge runed gate.
 43278 | Vaults:2 | Found a huge runed gate.
 43278 | Vaults:2 | Found a huge runed gate.
 43278 | Vaults:2 | Found a huge runed gate.
 43278 | Vaults:2 | Found a huge runed gate.
 43278 | Vaults:2 | Found a huge runed gate.
 43278 | Vaults:2 | Found a huge runed gate.
 43279 | Vaults:2 | Found a huge runed gate.
 43280 | Vaults:2 | Found a huge runed gate.
 43281 | Vaults:2 | Found a huge runed gate.
 43289 | Vaults:2 | Found a huge runed gate.
 43289 | Vaults:2 | Found a huge runed gate.
 43289 | Vaults:2 | Found a huge runed gate.
 43289 | Vaults:2 | Found a huge runed gate.
 43289 | Vaults:2 | Found a huge runed gate.
 43292 | Vaults:2 | Found a huge runed gate.
 43293 | Vaults:2 | Found a huge runed gate.
 43294 | Vaults:2 | Found a huge runed gate.
 43295 | Vaults:2 | Found a huge runed gate.
 43303 | Vaults:2 | Found a huge runed gate.
 43303 | Vaults:2 | Found a huge runed gate.
 43303 | Vaults:2 | Found a huge runed gate.
 43303 | Vaults:2 | Found a huge runed gate.
 43303 | Vaults:2 | Found a huge runed gate.
 43303 | Vaults:2 | Found a huge runed gate.
 43305 | Vaults:2 | Found a huge runed gate.
 43307 | Vaults:2 | Found a huge runed gate.
 43886 | Vaults:2 | Received a gift from Okawaru
 43886 | Vaults:2 | Found the +4 skin of Zhor {*Englaciate rC+++ SInv}
 43902 | Vaults:2 | Acquired 468 gold pieces
 44405 | Vaults:2 | Found a runed translucent gate.
 44406 | Vaults:2 | Found a runed translucent gate.
 44413 | Vaults:2 | Found a runed translucent gate.
 44415 | Vaults:2 | Found an ancient bone altar of Kikubaaqudgha.
 44418 | Vaults:2 | Noticed an ancient lich
 44418 | Vaults:2 | Noticed a dread lich
 44419 | Vaults:2 | Noticed Yhaurph's ghost (adept MiFi)
 45086 | Vaults:3 | Found a staircase to the Crypt.
 45086 | Vaults:3 | Noticed Donald
 45113 | Vaults:3 | Killed Donald
 45266 | Vaults:3 | Found the +5 glaive of the Guard {elec, spectral, AC+5}
 45586 | Vaults:3 | Paralysed by a great orb of eyes for 4 turns
 46231 | Vaults:3 | Reached XP level 23. HP: 227/227 MP: 0/23
 46266 | Vaults:3 | Noticed Margery
 46275 | Vaults:3 | Killed Margery
 46502 | Vaults:3 | Reached skill level 22 in Shields
 46522 | Vaults:3 | Identified the +3 broad axe of the Harvest {freeze, Str+3
                  | SInv} (Okawaru gifted it to you on level 3 of the Vaults)
 46522 | Vaults:3 | Received a gift from Okawaru
 47166 | Vaults:4 | Found a magical portal.
 47172 | WizLab   | Entered Maxwell's Workshop
 47462 | WizLab   | Identified the ring "Runeec" {Ice Will++ Str+2 Dex+2}
 47466 | WizLab   | Identified the ring "Cujoraott" {Ice *Corrode rN++ Will+
                  | Int+3 SInv}
 47765 | WizLab   | Found the +27 heavy crossbow "Sniper" {heavy, Acc+∞ SInv}
 48032 | WizLab   | Identified the ring "Nuwig" {Fire rN+++ Str+3 Dex-5 Stlth+}
 48197 | WizLab   | Received a gift from Okawaru
 48785 | Vaults:4 | Found a transporter.
 48791 | Vaults:4 | Found a transporter.
 48841 | Vaults:4 | Found a bloodstained altar of Trog.
 48841 | Vaults:4 | Found the necklace of Bloodlust {Fury *Rage Will++ Int-3
                  | Slay+6}
 48895 | Vaults:4 | Found a runed translucent door.
 48915 | Vaults:4 | Identified the +8 executioner's axe of the Twenty Loafs
                  | {drain, rElec rF+}
 48917 | Vaults:4 | Identified the +1 plate armour of Qeurukk {Int+7}
 49484 | Vaults:4 | Received a gift from Okawaru
 49735 | Vaults:4 | Reached skill level 23 in Shields
 50238 | Vaults:5 | Entered Level 5 of the Vaults
 50531 | Vaults:4 | Identified the +0 storm dragon scales of Insecurity
                  | {Rampage rElec rF- rN+ rCorr} (Okawaru gifted it to you on
                  | level 4 of the Vaults)
 50531 | Vaults:4 | Received a gift from Okawaru
 50641 | Vaults:5 | Reached XP level 24. HP: 222/241 MP: 16/23
 50845 | Vaults:5 | Identified the +6 plate armour "Noukynut" {Regen+ Slay+3
                  | SInv}
 50916 | Vaults:5 | Noticed Frederick
 50930 | Vaults:5 | Killed Frederick
 51401 | Vaults:5 | Identified the amulet "Nuqucw" {Faith rC+ Str+3 Int-3
                  | Dex+3}
 51409 | Vaults:5 | Reached skill level 24 in Shields
 51723 | Vaults:5 | Found Xugiply's Armour Shoppe.
 51776 | Vaults:5 | Identified the +1 pair of boots "Roruan" {*Corrode rPois
                  | Int+4}
 51984 | Vaults:5 | Identified the +3 leather armour "Acestrugg" {rElec rPois
                  | rF+ Int-2}
 51998 | Vaults:5 | Identified the +10 sling of Oenomania {antimagic, Str+3
                  | Int+2}
 52031 | Vaults:5 | Identified the +3 arbalest of Disaster {elec, Fragile rCorr
                  | Int+3}
 52031 | Vaults:5 | Identified the amulet of Foaschaen {Regen+ Str+3}
 52075 | Vaults:5 | Got the Volume of the Shot and Ensorcelling
 52198 | Vaults:5 | Identified the ring of Cobb {Ice Will+ MP-9 Dex+3 SInv}
 52242 | Vaults:5 | Noticed a dread lich
 52264 | Vaults:5 | Identified the +11 dire flail of Okawaru's Grace {elec,
                  | Int+3}
 52266 | Vaults:5 | Paralysed by a dread lich for 2 turns
 52275 | Vaults:5 | Killed a dread lich
 52275 | Vaults:5 | Identified the +1 cloak "Guedaobba" {Dex+7} (Okawaru gifted
                  | it to you on level 5 of the Vaults)
 52275 | Vaults:5 | Received a gift from Okawaru
 52445 | Vaults:5 | Noticed an ancient lich
 52458 | Vaults:5 | Killed an ancient lich
 52524 | Vaults:5 | Got a silver rune of Zot
 53339 | Elf:1    | Bought the +6 lightning scales {swift, rElec} for 2546 gold
                  | pieces
 53339 | Elf:1    | Found the +6 lightning scales {swift, rElec}
 53684 | Zot:1    | Entered Level 1 of the Realm of Zot
 53945 | Zot:1    | Reached skill level 25 in Shields
 54667 | Zot:1    | Found a runed translucent gate.
 54667 | Zot:1    | Found a runed translucent gate.
 54667 | Zot:1    | Found a runed translucent gate.
 54670 | Zot:1    | Noticed Xapeig's ghost (legendary GrAr)
 54673 | Zot:1    | Found a viscous altar of Jiyva.
 54673 | Zot:1    | Found the +10 morningstar "Eos" {elec, Halo rElec}
 55217 | Zot:1    | Reached skill level 15 in Dodging
 55218 | Zot:1    | Reached XP level 25. HP: 242/256 MP: 0/23
 55236 | Zot:2    | Received a gift from Okawaru
 55634 | Zot:1    | Identified the +8 plate armour "Inaoff" {rCorr} (Okawaru
                  | gifted it to you on level 1 of the Realm of Zot)
 55634 | Zot:1    | Received a gift from Okawaru
 56107 | Zot:2    | You are sucked into a shaft and drop 2 floors!
 56440 | Zot:3    | Found a transporter.
 56690 | Zot:2    | Reached skill level 26 in Shields
 57550 | Zot:3    | Found a transporter.
 57802 | Zot:3    | Noticed a Killer Klown
 58588 | Zot:4    | Noticed Grunn
 58641 | Zot:4    | HP: 12/243 [???[a doom hound] (8)]
 58815 | Zot:3    | Upgraded the game from 0.30-a0-859-gf88a04b62d to
                  | 0.30-a0-860-g512cf1e979
 59824 | Lair:4   | Received a gift from Okawaru
 59999 | Slime:1  | Upgraded the game from 0.30-a0-860-g512cf1e979 to
                  | 0.30-a0-862-g1aabd4f9c5
 60421 | Slime:2  | Gained mutation: You are clumsy. (Dex -2) [a shining eye]
 60567 | Slime:2  | Gained mutation: You are very clumsy. (Dex -4) [a shining
                  | eye]
 60567 | Slime:2  | Paralysed by a great orb of eyes for 4 turns
 60573 | Slime:2  | Gained mutation: You are weak. (Str -2) [a shining eye]
 61446 | Slime:3  | Reached skill level 1 in Evocations
 61511 | Slime:3  | Paralysed by a great orb of eyes for 4 turns
 62729 | Slime:5  | Entered Level 5 of the Pits of Slime
 62797 | Slime:5  | Noticed the Royal Jelly
 62798 | Slime:5  | Identified the -1 barding of Marbles {Harm rF- Dex+3
                  | Stlth+} (Okawaru gifted it to you on level 5 of the Pits of
                  | Slime)
 62798 | Slime:5  | Received a gift from Okawaru
 63026 | Slime:5  | Paralysed by a floating eye for 4 turns
 63697 | Slime:5  | Killed the Royal Jelly
 63698 | Slime:5  | Reached XP level 26. HP: 271/271 MP: 11/23
 63748 | Slime:5  | Paralysed by a floating eye for 2 turns
 63751 | Slime:5  | Paralysed by a floating eye for 4 turns
 63989 | Slime:5  | Identified the ring of Ciemac {rElec rPois Str+3 Dex+2}
 63996 | Slime:5  | Identified the amulet "Ocunugew" {RegenMP Harm Dex+3 SInv}
 64040 | Slime:5  | Got a slimy rune of Zot
 64074 | Slime:5  | Identified the +8 ring mail "Qidif" {Regen+ Dex-4 Slay+3}
 64971 | Depths:1 | Killed an ancient lich
 65007 | Depths:1 | Found a transporter.
 65064 | Depths:1 | Identified the +2 pair of gloves of the Blind Marksman
                  | {rPois Will+ Str-3 Int+5}
 65597 | Depths:3 | Voluntarily entered the Abyss.
 65684 | Abyss:3  | Found a corrupted altar of Lugonu.
 65706 | Abyss:3  | Reached skill level 5 in Evocations
 65715 | Abyss:3  | Found a corrupted altar of Lugonu.
 65752 | Abyss:3  | Found a corrupted altar of Lugonu.
 65935 | Abyss:4  | Paralysed by accursed screaming for 2 turns
 65943 | Abyss:4  | Paralysed by accursed screaming for 1 turns
 65946 | Abyss:4  | Paralysed by accursed screaming for 2 turns
 65963 | Abyss:4  | Paralysed by accursed screaming for 1 turns
 65972 | Abyss:4  | Paralysed by accursed screaming for 1 turns
 65985 | Abyss:4  | Got an abyssal rune of Zot
 66002 | Depths:3 | Escaped the Abyss
 66399 | Depths:3 | Lost mutation: You are weak. (Str -2) [potion of mutation]
 66399 | Depths:3 | Lost mutation: You are very clumsy. (Dex -4) [potion of
                  | mutation]
 66399 | Depths:3 | Lost mutation: You are partially covered in large bone
                  | plates. (SH +4) [potion of mutation]
 66399 | Depths:3 | Lost mutation: Your flesh is heat resistant. (rF+) [potion
                  | of mutation]
 66399 | Depths:3 | Gained mutation: You are strong-willed. (Will+) [potion of
                  | mutation]
 66399 | Depths:3 | Gained mutation: You have sharp fingernails. [potion of
                  | mutation]
 66399 | Depths:3 | Gained mutation: You are frail. (-10% HP) [potion of
                  | mutation]
 66400 | Depths:3 | Lost mutation: You are frail. (-10% HP) [potion of
                  | mutation]
 66400 | Depths:3 | Lost mutation: Your natural rate of healing is unusually
                  | fast. [potion of mutation]
 66400 | Depths:3 | Lost mutation: You are clumsy. (Dex -2) [potion of
                  | mutation]
 66400 | Depths:3 | Lost mutation: You have sharp fingernails. [potion of
                  | mutation]
 66400 | Depths:3 | Lost mutation: You are strong-willed. (Will+) [potion of
                  | mutation]
 66400 | Depths:3 | Gained mutation: Your magical capacity is low. (-10% MP)
                  | [potion of mutation]
 66401 | Depths:3 | Lost mutation: Your magical capacity is low. (-10% MP)
                  | [potion of mutation]
 66402 | Depths:3 | Gained mutation: Potions are less effective at restoring
                  | your health. [potion of mutation]
 66402 | Depths:3 | Gained mutation: You possess an exceptional clarity of
                  | mind. [potion of mutation]
 66403 | Depths:3 | Lost mutation: Potions are less effective at restoring your
                  | health. [potion of mutation]
 66403 | Depths:3 | Lost mutation: You possess an exceptional clarity of mind.
                  | [potion of mutation]
 66404 | Depths:3 | Gained mutation: You have a pair of small antennae on your
                  | head. [potion of mutation]
 66405 | Depths:3 | Lost mutation: You have a pair of small antennae on your
                  | head. [potion of mutation]
 66405 | Depths:3 | Gained mutation: You are partially covered in iridescent
                  | scales. (AC +2) [potion of mutation]
 66405 | Depths:3 | Gained mutation: You are strong-willed. (Will+) [potion of
                  | mutation]
 66504 | Depths:2 | Noticed an ancient lich
 66690 | Depths:3 | Killed an ancient lich
 66691 | Depths:3 | Reached skill level 27 in Shields
 66753 | Depths:2 | Identified the +1 barding of Ilyuq {Str+2 Slay+3} (Okawaru
                  | gifted it to you on level 2 of the Depths)
 66753 | Depths:2 | Received a gift from Okawaru
 66988 | Zot:1    | Killed Xapeig's ghost
 67014 | Zot:1    | Identified the +8 sling of Gin and Tonic {heavy, *Corrode
                  | rN++ Int+5}
 67016 | Zot:1    | Got the Thoughts on the Fetid Sixfirhy
 67017 | Zot:1    | Identified the +0 pair of gloves of Kindness {Harm +Blink
                  | Will+}
 67711 | Zot:4    | Killed Grunn
 68250 | Zot:5    | Entered Level 5 of the Realm of Zot
 68651 | Zot:5    | Noticed a dread lich
 68658 | Zot:5    | Killed a dread lich
 68893 | Zot:5    | Identified the +4 battleaxe of Vilytoyrgh {holy, rN+ rCorr}
 68917 | Zot:5    | Noticed an ancient lich
 68934 | Zot:5    | Noticed an orb of fire
 68935 | Zot:5    | Killed an ancient lich
 68958 | Zot:5    | Killed an orb of fire
 68959 | Zot:5    | Reached XP level 27. HP: 284/284 MP: 0/23
 68962 | Zot:5    | Received a gift from Okawaru
 69104 | Zot:5    | Noticed an orb of fire
 69104 | Zot:5    | Noticed an orb of fire
 69117 | Zot:5    | Gained mutation: You are dopey. (Int -2) [an orb of fire]
 69146 | Zot:5    | Gained mutation: You occasionally shout uncontrollably at
                  | your foes. [an orb of fire]
 69334 | Zot:5    | Killed an orb of fire
 69398 | Zot:5    | Noticed an ancient lich
 69404 | Zot:5    | Noticed a dread lich
 69442 | Zot:5    | Killed an ancient lich
 69592 | Zot:5    | Killed a dread lich
 69762 | Zot:5    | Noticed an orb of fire
 69840 | Zot:5    | Got the Orb of Zot
 69968 | Zot:3    | Received a gift from Okawaru
 70077 | Zot:1    | Noticed Samaxuc the pandemonium lord
 70093 | Zot:1    | Killed Samaxuc the pandemonium lord
 70644 | D:$      | Escaped with the Orb!

Illustrated notes

Levels and vault maps discovered:
D:1:      minmay_arrival_diagonal_passages, layout_rooms, st_stairs_12,
          due_unseen_surprise
D:2:      layout_basic, shapermc_ecumenical_altar_venn,
          minmay_misc_feat_diagonals, guppyfry_early_orc_mine
D:3:      layout_loops_ring, mainiacjoe_overflow_cross_hatched,
          gammafunk_ghost_arena, grunt_decor_fettered, chequers_decorated_corner
D:4:      layout_loops_ring
D:5:      layout_cave_pods, mainiacjoe_overflow_catwalk, uniq_grinder
D:6:      kb_forest_paths, layout_basic, minmay_misc_feat_cross,
          sigmund_edmund_badplayer
D:7:      layout_cave_pools, gammafunk_temple_of_torment,
          minmay_temple_entry_trees, chequers_serial_rivers_marsh,
          hangedman_minor_gate_pass
D:8:      layout_basic, minitemple, nemelex_diamond_rough_becter,
          enter_ossuary_2
D:9:      layout_roguey, kennysheep_orc_monster_closet_entryway, enter_bailey_4,
          kennysheep_generic_room_8, uniq_joseph
D:10:     minmay_the_grid_octo_tiled_octocenter [minmay_the_grid_octo_chip,
          minmay_the_grid_octo_focus, minmay_the_grid_octo_77,
          minmay_the_grid_octo_clover, minmay_the_grid_octo_prize_star,
          minmay_the_grid_square_5x5_sharp_hourglass,
          minmay_the_grid_square_5x5_c, minmay_the_grid_square_5x5_seven,
          minmay_the_grid_square_5x5_bridge], layout_cross,
          mainiacjoe_overflow_24_doors, grunt_lair_entry_orc_guard_hut,
          uniq_fannar
D:11:     layout_roguey, portal_ice_cave_entry_imps, minmay_misc_feat_columns,
          uniq_erolcha, uniq_josephine, uniq_erica
D:12:     layout_cave_pods, hangedman_incinerator
D:13:     layout_stronghold, serial_shops, shop, nzn_life_drinkers, uniq_lodul,
          uniq_jorgrun, uniq_sonja, uniq_azrael
D:14:     layout_rooms, david_vaults_2, chequers_serial_rivers_small_a,
          nicolae_trove_entry_crossroad, serial_park_tiny_2
D:15:     gammafunk_enter_depths_forms, layout_basic, dreamdust_wishing_well
Lair:1:   layout_concentric_octagons, cheibrodos_lair_lostbears
Lair:2:   layout_regular_city, minmay_shoals_entry_beasts
Lair:3:   layout_regular_city, spider_nest_entry_a, beast_lair_carwin_7,
          grunt_megastairs_2
Lair:4:   layout_gridlike, slime_entry_1
Lair:5:   minmay_lair_end_frog_pond, layout_regular_city,
          chequers_serial_rivers_marsh, uniq_snorg
Shoals:1: layout_shoals
Shoals:2: layout_shoals, ebering_ghost_disaster_area,
          nicolae_shoals_square_sea_wall, nicolae_shoals_secluded_bog
Shoals:3: layout_shoals, serial_shops, nicolae_diamond_shop
Shoals:4: shoals_end_grunt_ice, layout_shoals, nicolae_shoals_beach_cooler,
          uniq_kirke
Spider:1: layout_spider_delve, nicolae_spider_paper_wasps
Spider:2: layout_chambers
Spider:3: layout_spider_delve
Spider:4: hellmonk_spider_rune_endless_swarm
Slime:1:  layout_caves, basic_altar
Slime:2:  layout_caves, nicolae_slime_getting_an_eyeful
Slime:3:  layout_caves
Slime:4:  layout_caves
Slime:5
Orc:1:    layout_caves, nicolae_shop_gadgets
Orc:2:    st_orc_mages, layout_diamond_mine, serial_shops, shop,
          nicolae_orc_sculptors_studio, guppyfry_library_mini
Elf:1:    eino_elf_arrival_altar, layout_geoelf_octagon, minmay_elf_demonology,
          minmay_shoptagon, uniq_agnes
Elf:2:    nicolae_elf_blades_crystal_corner, layout_loops_ring, uniq_louise
Elf:3:    grunt_elf_hall_diamonds, layout_geoelf_diagonals, serial_glass,
          glass_columns_a, glass_columns_a, item_on_display_a,
          minmay_strange_pillars
Vaults:1: v_misc_26, grunt_vaults_funnel, nicolae_vaults_disjoint_gnomons,
          hangedman_vaults_maws, ontoclasm_vaults_bender,
          vaults_mumra_chevron_long, vaults_room_hallway, v_misc_19,
          nicolae_vaults_asterisk, grunt_vaults_twisty, vaults_mumra_chevron,
          vaults_room_hallway, ontoclasm_vaults_pinch, vaults_room_pool,
          layout_vaults_big_cross
Vaults:2: gammafunk_ghost_crypt, v_pattern_3, vaults_dpeg_emergency_exit,
          door_vault, ontoclasm_vaults_ring_small, v_alt_pattern_4,
          layout_vaults_omnigrid
Vaults:3: vaults_dpeg_spiral, ontoclasm_vaults_fault, v_pattern_4,
          hangedman_vaults_stream, minmay_guarded_unrand_guard_vaults,
          hangedman_vaults_restitches, vaults_room_large_hall, v_misc_26,
          ontoclasm_vaults_twist, vaults_mumra_minichess, layout_vaults_ring,
          blue_anna_dwarven_crypt, uniq_donald, uniq_margery
Vaults:4: infiniplex_enter_wizlab_glasses, emtedronai_trogs_sanctum,
          vaults_dpeg_hooks, vaults_room_hallway, hangedman_vaults_stagger,
          dpeg_vaults_monster_box, nicolae_vaults_bisected_inception,
          grunt_vaults_hallway_short, vaults_room_pools, v_rooms_3,
          vaults_room_corners, v_misc_8, v_misc_8,
          nicolae_vaults_border_crossing, layout_vaults_maze_bifur
Vaults:5: serial_shops, uniq_frederick
Depths:1: gammafunk_sealed_library, layout_cave_shapes, hangedman_geh_valley,
          chequers_big_river, chequers_serial_rivers_marsh, solitary_fountain,
          minmay_misc_feat_five, guppyfry_shop_venom, serial_bayou_shore_b
Depths:2: minmay_skeletal_surprise, layout_basic, pan_entry, hell_entry,
          kennysheep_pointless_box, minmay_serpent_palace,
          hangedman_decor_cross_pass
Depths:3: nicolae_hitomezashi [nicolae_hito_row, nicolae_hito_row,
          nicolae_hito_row, nicolae_hito_row, nicolae_hito_row,
          nicolae_hito_row, nicolae_hito_row, nicolae_hito_row,
          nicolae_hito_row, nicolae_hito_row, nicolae_hito_row,
          nicolae_hito_row, nicolae_hito_row, nicolae_hito_row,
          nicolae_hito_row, nicolae_hito_row, nicolae_hito_row,
          nicolae_hito_row], layout_cave_pools, enter_ziggurat_e, hell_entry,
          serial_shops, nicolae_shop_stone, minmay_room_of_horrors,
          grunt_pan_entry_in_and_out, serial_sigils_hangedman_gnaw
Depths:4: grunt_zot_entry_gee_three, layout_gridlike, abyss_entry,
          grunt_hell_entry_dis_grunt, serial_curves, eino_curves_04,
          eino_curves_02, eino_curves_03, eino_curves_01, st_stairs_5
Zot:1:    layout_onion_interference, gammafunk_ghost_ooze, grunt_megastairs_1
Zot:2:    layout_misc_corridors, hangedman_spider_trapstep
Zot:3:    gammafunk_its_a_trap, layout_basic
Zot:4:    layout_cellular_growth, uniq_grunn, uniq_josephina
Zot:5:    layout_twisted_circle

Skill      XL: |  1  2  3  4  5  6  7  8  9 10 11 12 13 14 15 16 17 18 19 20 21 22 23 24 25 26 27 |
---------------+----------------------------------------------------------------------------------+-----
Fighting       | 3 4 5 6 7 9 11 12 13 14 15 16 17 19 20 22 24 25 26 | 26.1
Armour         | 4 5 6 7 9 12 14 16 17 18 19 20 21 22 23 | 23.0
Axes           | 2 3 4 5 6 8 10 11 13 15 16 17 18 | 18.0
Shields        | 4 5 6 7 8 11 13 15 16 17 18 19 20 21 23 25 26 27 | 27.0
Dodging        | 4 6 7 8 10 11 13 14 15 16 17 | 17.2
Evocations     | 3 8 9 |  9.8

Action                     |  1- 3 |  4- 6 |  7- 9 | 10-12 | 13-15 | 16-18 | 19-21 | 22-24 | 25-27 || total
---------------------------+-------+-------+-------+-------+-------+-------+-------+-------+-------++-------
  Melee: War axe           |    88 |   156 |   223 |     9 |   632 |  1218 |       |       |       ||  2326
         Tailslap          |     5 |    10 |    19 |    37 |   108 |   199 |   378 |   423 |   340 ||  1519
         Unarmed           |       |       |     5 |       |       |       |       |       |       ||     5
         Battleaxe         |       |       |       |   292 |   131 |       |       |       |       ||   423
         Broad axe         |       |       |       |       |       |   131 |  1929 |  1707 |  1332 ||  5099
         Executioner's axe |       |       |       |       |       |       |       |       |    74 ||    74
  Throw: Throwing net      |       |       |       |     2 |     1 |       |       |       |       ||     3
         Javelin           |       |       |       |       |       |       |       |       |     6 ||     6
 Invoke: Heroism           |       |       |       |       |       |       |       |       |     1 ||     1
  Evoke: Wand              |       |       |       |     9 |     4 |     1 |       |       |    22 ||    36
    Use: Scroll            |       |    11 |     5 |     3 |    25 |    16 |    13 |    10 |    27 ||   110
         Potion            |       |     2 |     4 |    14 |     8 |    10 |    13 |     8 |    41 ||   100
   Stab: Confused          |       |       |     1 |       |       |       |       |       |       ||     1
         Invisible         |       |       |       |       |       |       |       |     4 |     7 ||    11
         Distracted        |       |       |       |       |       |       |       |     1 |       ||     1
 Armour: Scale mail        |    69 |    81 |   128 |   277 |   445 |   335 |       |       |       ||  1335
         Skin              |       |       |       |    31 |       |       |       |       |       ||    31
         Chain mail        |       |       |       |       |       |   251 |       |       |       ||   251
         Plate armour      |       |       |       |       |       |    96 |   891 |   629 |   826 ||  2442
  Dodge: Dodged            |    41 |    41 |    96 |   183 |   179 |   234 |   351 |   286 |   308 ||  1719
         Repelled          |       |       |       |       |       |     7 |     5 |    10 |    26 ||    48
  Block: Buckler           |    28 |    59 |   135 |     5 |       |       |       |       |       ||   227
         Reflection        |       |     2 |     6 |     3 |    38 |   122 |    60 |   102 |    11 ||   344
         Other             |       |       |     1 |    97 |    38 |       |       |       |    48 ||   184
         Kite shield       |       |       |       |       |   663 |  1505 |  2326 |  1716 |  1175 ||  7385

Table legend: (Time is in decaauts)
 A = Elapsed time spent in this place.
 B = Non-inter-level travel time spent in this place.
 C = Inter-level travel time spent in this place.
 D = Time resting spent in this place.
 E = Time spent auto-exploring this place.
 F = Levels seen in this place.
 G = Mean time per level.
                   A        B        C        D        E       F      G
               +--------+--------+--------+--------+--------+-----+--------+
         Total |  69122 |  60747 |   8375 |  11115 |  32203 |  60 | 1152.0 |
       Dungeon |  15916 |  14153 |   1763 |   2572 |   7910 |  15 | 1061.1 |
          Lair |   5770 |   4785 |    985 |    680 |   2821 |   5 | 1154.0 |
        Shoals |   3221 |   3015 |    206 |    282 |   1864 |   4 |  805.2 |
   Spider Nest |   3876 |   3622 |    254 |    295 |   2140 |   4 |  969.0 |
    Slime Pits |   4386 |   3749 |    637 |   1525 |   1185 |   5 |  877.2 |
  Orcish Mines |   1489 |   1217 |    272 |     25 |    811 |   2 |  744.5 |
   Elven Halls |   4246 |   3817 |    429 |    835 |   1542 |   3 | 1415.3 |
        Vaults |  10745 |   9724 |   1021 |   1082 |   6314 |   5 | 2149.0 |
        Depths |   8269 |   7023 |   1246 |   1075 |   4351 |   4 | 2067.2 |
           Zot |   8441 |   6884 |   1557 |   2004 |   2481 |   5 | 1688.2 |
         Abyss |    392 |    392 |      0 |     16 |      0 |   4 |   98.0 |
       Ossuary |    266 |    266 |      0 |      0 |     98 |   1 |  266.0 |
        Bailey |    675 |    675 |      0 |    304 |    163 |   1 |  675.0 |
      Ice Cave |    220 |    220 |      0 |    106 |      0 |   1 |  220.0 |
        Wizlab |   1204 |   1204 |      0 |    312 |    523 |   1 | 1204.0 |
               +--------+--------+--------+--------+--------+-----+--------+

Top non-repeatable levels by time:
Depths:4: 2373 daAuts
Vaults:4: 2335 daAuts
Vaults:5: 2246 daAuts
Vaults:1: 2224 daAuts
Depths:3: 2124 daAuts
Vaults:3: 2119 daAuts
   Zot:3: 2059 daAuts
Depths:2: 2024 daAuts
   Zot:1: 2020 daAuts
   Elf:2: 1886 daAuts
Vaults:2: 1820 daAuts
Depths:1: 1748 daAuts
    D:13: 1705 daAuts
    D:15: 1677 daAuts
   Zot:4: 1530 daAuts
